 Dungeon Crawl Stone Soup version 0.23.0-33-g5e6c059 (webtiles) character file.

Game seed: 3802588452079125831

452 Evonexus1234 the Shield-Bearer (level 6, -1/48 HPs)
             Began as a Demonspawn Berserker on Feb 27, 2019.
             Was a Priest of Trog.
             Killed by nerve-wracking pain
             ... invoked by an orc priest
              (10 damage)
             ... on level 4 of the Dungeon.
             The game lasted 00:17:00 (4123 turns).

Evonexus1234 the Shield-Bearer (DsBe)               Turns: 4123, Time: 00:17:01

Health: -1/48      AC:  4    Str: 19    XL:     6   Next: 75%
Magic:  6/6        EV: 17    Int:  9    God:    Trog [***...]
Gold:   203        SH:  5    Dex: 17    Spells: 5/5 levels left

rFire    . . .     SeeInvis .   a - +0 hand axe
rCold    + . .     Gourm    .   m - +0 buckler
rNeg     . . .     Faith    .   s - +1 leather armour {rC+}
rPois    .         Spirit   .   (no helmet)
rElec    .         Reflect  .   (no cloak)
rCorr    .         Harm     .   (no gloves)
MR       .....                  (no boots)
Stlth    ++++......             (no amulet)
HPRegen  0.16/turn              (no ring)
MPRegen  0.10/turn              (no ring)

@: agile
A: nightstalker 1
a: Berserk, Trog's Hand, Renounce Religion


You were on level 4 of the Dungeon.
You worshipped Trog.
Trog was most pleased with you.
You were not hungry.

You visited 1 branch of the dungeon, and saw 4 of its levels.
You also visited: Sewer.

You collected 203 gold pieces.

Inventory:

Hand Weapons
 a - a +0 hand axe (weapon)
 h - a +2 short sword of venom
Missiles
 d - 72 stones
 q - 6 javelins of returning (quivered)
Armour
 m - a +0 buckler (worn)
 n - a +0 plate armour
 s - a +1 leather armour of cold resistance (worn)
Wands
 i - a wand of acid (7)
 u - a wand of flame (14)
Scrolls
 e - a scroll of amnesia {unknown}
 f - 2 scrolls of remove curse
 g - a scroll of immolation {unknown}
 l - 4 scrolls of teleportation {unknown}
 p - a scroll of blinking {unknown}
 r - a scroll of identify {unknown}
 x - a scroll of fear {unknown}
Potions
 b - a potion of heal wounds {unknown}
 j - 2 potions of agility
 k - 2 potions of haste {unknown}
 o - a potion of ambrosia {unknown}
 t - a potion of mutation {unknown}
 v - a potion of degeneration {unknown}
 w - a potion of flight {unknown}
 z - a potion of curing {unknown}
Comestibles
 c - 6 rations
 A - 6 chunks of flesh


   Skills:
 - Level 4.0 Fighting
 + Level 3.5 Axes
 - Level 1.7 Armour
 - Level 2.0 Dodging
 - Level 3.0 Stealth
 - Level 4.2 Shields


You had 5 spell levels left.
You didn't know any spells.
Your spell library was empty.

Dungeon Overview and Level Annotations

Branches:
Dungeon (4/15)
 Temple: D:4-7

Altars:
Elyvilon
Kikubaaqudgha
Uskayaw
Vehumet
Zin


Innate Abilities, Weirdness & Mutations

You are slightly more attuned to the shadows.


Message History

It was a potion of agility.
You feel agile all of a sudden. You block the bullfrog zombie's attack.
The bullfrog zombie misses you.
You slash the bullfrog zombie!
The bullfrog zombie is almost destroyed.
The bullfrog zombie barely misses you.
You hit the bullfrog zombie.
The bullfrog zombie is almost destroyed.
The bullfrog zombie barely misses you.
You slash the bullfrog zombie!
You destroy the bullfrog zombie!
Trog accepts your kill.
You hit the orc priest.
The orc priest is lightly wounded.
The orc priest closely misses you.
You slash the orc priest!
The orc priest is heavily wounded.
The orc priest mumbles some strange prayers to Beogh against you.
Pain shoots through your body!
You die...

...# #. .... #. ....
.... #. #### #... #.
####.# #(..
#############.
...... #...
#.............
.....# ...
#.############
####.# #a#####.# #
#o@....############
#.###...............
... ################
####


You could see a worker ant and an orc priest.

Vanquished Creatures
  A crocodile (Sewer)
  A scorpion (D:4)
  A bullfrog zombie (D:4)
  An orc priest (D:4)
  2 orc wizards (D:4)
  Jessica (D:2)
  A worker ant (D:4)
  5 adders
  2 oozes
  9 worms
  3 dart slugs
  2 leopard geckos
  4 orcs
  A giant cockroach (D:3)
  7 goblins
  4 hobgoblins
  7 jackals
  A ball python (D:1)
  11 bats
  6 frilled lizards
  11 kobolds
  7 rats
88 creatures vanquished.

Notes
Turn   | Place    | Note
-------+----------+-------------------------------------------
     0 | D:1      | Evonexus1234 the Demonspawn Berserker began the quest for
                  | the Orb.
     0 | D:1      | Reached XP level 1. HP: 18/18 MP: 1/1
    66 | D:1      | Reached skill level 1 in Stealth
   313 | D:1      | Gained mutation: You are slightly more attuned to the
                  | shadows. [demonic ancestry]
   313 | D:1      | Reached XP level 2. HP: 9/24 MP: 2/2
  1156 | D:1      | Reached XP level 3. HP: 28/29 MP: 3/3
  1307 | D:2      | Reached ** piety under Trog
  1375 | D:2      | Noticed Jessica
  1389 | D:2      | Killed Jessica
  1532 | D:2      | Reached XP level 4. HP: 17/35 MP: 4/4
  1818 | D:2      | Found a radiant altar of Vehumet.
  2167 | D:2      | Found a faded altar of an unknown god.
  2379 | D:2      | Found a white marble altar of Elyvilon.
  2379 | D:2      | Found a hide-covered altar of Uskayaw.
  2381 | D:2      | Found a glowing silver altar of Zin.
  2517 | D:3      | Reached *** piety under Trog
  2558 | D:3      | Reached skill level 1 in Shields
  3021 | D:3      | Reached XP level 5. HP: 42/42 MP: 5/5
  3519 | D:4      | Found a glowing drain.
  3579 | Sewer    | Entered a sewer
  3686 | Sewer    | Noticed a crocodile
  3790 | Sewer    | Killed a crocodile
  3790 | Sewer    | Reached XP level 6. HP: 48/48 MP: 6/6
  3943 | D:4      | Found an ancient bone altar of Kikubaaqudgha.
  4123 | D:4      | Killed from afar by an orc priest

Skill      XL: |  1  2  3  4  5  6 |
---------------+-------------------+-----
Stealth        | 1 2 3 |  3.0
Axes           | 3 |  3.5
Dodging        | 2 |  2.0
Fighting       | 4 |  4.0
Shields        | 1 3 4 |  4.2
Armour         | |  1.7

Action                   |  1- 3 |  4- 6 || total
-------------------------+-------+-------++-------
Melee: Hand axe          |   123 |   231 ||   354
       Short sword       |     5 |       ||     5
Throw: Javelin           |       |     2 ||     2
Invok: Berserk           |     1 |     5 ||     6
       Trog's Hand       |       |     1 ||     1
  Use: Scroll            |     1 |     1 ||     2
       Potion            |       |     1 ||     1
 Stab: Sleeping          |     4 |     2 ||     6
       Distracted        |     1 |     1 ||     2
  Eat: Chunk             |     3 |    10 ||    13
       Ration            |       |     1 ||     1
Armor: Animal skin       |     4 |       ||     4
       Ring mail         |    33 |    36 ||    69
       Plate armour      |       |    14 ||    14
       Leather armour    |       |    16 ||    16
Dodge: Dodged            |    92 |    99 ||   191
Block: Buckler           |       |    29 ||    29
